 Dungeon Crawl Stone Soup version 0.30.0-5-g1a98f26d00 (webtiles) character file.

Game seed: 11698127050742572659

137 browni3141 the Trooper (level 5, -1/59 HPs)
             Began as an Ogre Delver on May 10, 2023.
             Slain by Terence
             ... wielding a +0 short sword
              (6 damage)
             ... on level 2 of the Dungeon.
             The game lasted 00:03:46 (2691 turns).

browni3141 the Trooper (Ogre Delver)                Turns: 2691, Time: 00:03:47

Health: -1/59      AC:  3    Str: 18    XL:     5   Next: 20%
Magic:  5/5        EV:  9    Int: 11    God:
Gold:   125        SH:  0    Dex: 10    Spells: 4/4 levels left

rFire   . . .        I - +2 hand axe (freeze)
rCold   . . .        (no shield)
rNeg    . . .        b - +0 robe
rPois   .            (helmet restricted)
rElec   .            (no cloak)
rCorr   +            (gloves unavailable)
SInv    .            (boots unavailable)
Will    .....        (no amulet)
Stlth   ++           H - ring of resist corrosion
HPRegen 0.29/turn    T - ring of wizardry
MPRegen 0.09/turn

%: wizardry (x1)
@: no status effects
A: large, unfitting armour, tough skin 1
a: no special abilities


You were on level 2 of the Dungeon.
You visited 1 branch of the dungeon, and saw 5 of its levels.

You collected 125 gold pieces.

Inventory:

Hand Weapons
 a - a +0 mace
 I - a +2 hand axe of freezing (weapon)
Armour
 b - a +0 robe (worn)
 U - a +0 cloak
Jewellery
 H - a ring of resist corrosion (left hand)
 T - a ring of wizardry (right hand)
Wands
 g - a wand of digging (3)
 V - a wand of flame (8)
Scrolls
 d - a scroll of magic mapping
 e - 2 scrolls of fear
 F - a scroll of fog
 G - a scroll of silence {unknown}
 N - a scroll of vulnerability {unknown}
 R - a scroll of enchant armour {unknown}
 S - a scroll of enchant weapon {unknown}
 X - 2 scrolls of teleportation {unknown}
 Y - a scroll of noise {unknown}
Potions
 h - 2 potions of haste
 M - a potion of brilliance {unknown}
 O - a potion of lignification {unknown}
 P - 3 potions of curing {unknown}
 Q - a potion of experience {unknown}
 W - 3 potions of cancellation {unknown}
 Z - 2 potions of heal wounds {unknown}


   Skills:
 + Level 6.0 Fighting
 + Level 3.5 Maces & Flails
 - Level 1.7 Dodging
 - Level 3.7 Stealth


You had 4 spell levels left.
You didn't know any spells.
Your spell library contained the following spells:

 Spells                   Type           Power      Damage    Failure   Level
 Ensorcelled Hibernation  Hex/Ice        0%         N/A       21%         2
 Spider Form              Tmut/Pois      0%         N/A       38%         3
 Vhi's Electric Charge    Tloc/Air       0%         N/A       38%         3
 Anguish                  Hex/Necr       0%         N/A       77%         4
 Arcjolt                  Conj/Air       0%         1d10      98%         5
 Maxwell's Capacitive Co  Air            0%         ∞         100%        8


Dungeon Overview and Level Annotations

Branches:
Dungeon (5/15)
 Temple: D:4-7

Altars:
Dithmenos
Fedhas
Okawaru
Xom

Shops:
D:4 *?

Annotations:
D:2 Terence


Innate Abilities, Weirdness & Mutations

You are too large for most types of armour.
You have tough skin. (AC +1)


Message History

Partly explored, can't reach some places.
Partly explored, can't reach some places.
Partly explored, can't reach some places.
You see here a +0 leather armour.
There is a stone staircase leading down here.
Okay, then.
Unknown command.
You climb downwards.
There is a stone staircase leading up here.
You now have 115 gold pieces (gained 10).
You now have 125 gold pieces (gained 10).
Found a stone staircase leading up.
N - a scroll labelled DENITRARUV You see here a +0 pair of boots.
P - 3 ruby potions (gained 1)
M - a purple potion
There is a stone staircase leading down here.
Terence the Incautious comes into view.
He is wielding a +0 short sword.
Terence is nearby!
Press: ? - help, v - describe, . - travel
Here: Terence, wielding a +0 short sword and wearing a +0 ring mail (asleep)
The floor.
Placed new exclusion.
Done exploring.
Done exploring.
What are your orders? t - Shout!
Orders for allies: a - Attack new target. r - Retreat! s - Stop attacking. g - Guard the area. f - Follow me.
Anything else - Cancel.
You shout for attention!
You hear a shout!
Throw: 4 darts (poison)
Press: ? - help, Q - select action, (/) - cycle Shift-Dir - straight line, f - Terence
Aim: Terence, wielding a +0 short sword and wearing a +0 ring mail (63% to hit)
You throw a poisoned dart.
The poisoned dart closely misses Terence.
Throw: 3 darts (poison)
Press: ? - help, Q - select action, (/) - cycle Shift-Dir - straight line, f/p - Terence
Aim: Terence, wielding a +0 short sword and wearing a +0 ring mail (63% to hit)
You throw a poisoned dart. The poisoned dart hits Terence.
Throw: 2 darts (poison)
Press: ? - help, Q - select action, (/) - cycle Shift-Dir - straight line, f/p - Terence
Aim: Terence, wielding a +0 short sword and wearing a +0 ring mail (63% to hit)
You throw a poisoned dart.
The poisoned dart closely misses Terence.
Throw: dart (poison)
Press: ? - help, Q - select action, (/) - cycle Shift-Dir - straight line, f/p - Terence
Aim: Terence, wielding a +0 short sword and wearing a +0 ring mail (63% to hit)
You throw a poisoned dart. The poisoned dart hits Terence.
You hit Terence but do no damage. Terence hits you but does no damage.
You hit Terence but do no damage. Terence hits you with a +0 short sword.
You hit Terence. You freeze Terence.
Terence is lightly wounded.
Terence barely misses you.
You closely miss Terence.
Terence is lightly wounded.
Terence shouts, "Get ready for death!"
Terence drinks a potion.
Terence seems to grow stronger.
You closely miss Terence.
Terence is lightly wounded.
Terence barely misses you. Terence hits you with a +0 short sword.
You hit Terence but do no damage.
Terence is lightly wounded.
Terence hits you with a +0 short sword!
You hit Terence. You freeze Terence.
Terence is moderately wounded.
Terence hits you with a +0 short sword.
You are too injured to fight recklessly!
You are too injured to fight recklessly!
You are too injured to fight recklessly!
You are too injured to fight recklessly!
You are too injured to fight recklessly!
You closely miss Terence.
Terence is moderately wounded.
Terence says, "You're history."
Terence hits you with a +0 short sword!
You hit Terence. You freeze Terence.
Terence is heavily wounded.
Terence completely misses you.
You hit Terence. You freeze Terence.
Terence is severely wounded.
Terence hits you with a +0 short sword!
* * * LOW HITPOINT WARNING * * *
Terence completely misses you.
You closely miss Terence.
Terence is severely wounded.
Terence hits you with a +0 short sword!
* * * LOW HITPOINT WARNING * * *
You closely miss Terence.
Terence is severely wounded.
Terence hits you with a +0 short sword.
* * * LOW HITPOINT WARNING * * *
You hit Terence but do no damage.
Terence is severely wounded.
Terence hits you with a +0 short sword!
* * * LOW HITPOINT WARNING * * *
As you read the scroll of fog, it crumbles to dust.
The scroll dissolves into smoke.
Terence hits you with a +0 short sword.
You die...

##. #.. #.# #.#
########.. #.....##..
######### #.###.##..
#.(.(§@§#######.###.##..
#.#####@##........#.###.
#.#####§##.####.#.#.####
#@##..§§§..# #.#.......
#.##.##.#### #.....###.
#.##.##.# ###..####.
#.......## #.....#.
####.....# ##.##.#.
#####.#########.##.#.
#.##.....##......


You could see Terence (strong).

Vanquished Creatures
  A hound (D:4)
  5 adders
  A worm (D:2)
  2 dart slugs (D:3)
  4 orcs
  2 ball pythons (D:2)
  4 endoplasms
  2 giant cockroaches
  6 goblins
  3 hobgoblins (D:2)
  2 jackals (D:3)
  A quokka (D:1)
  4 bats
  4 frilled lizards
  7 kobolds
  3 rats
51 creatures vanquished.

Notes
Turn   | Place    | Note
-------+----------+-------------------------------------------
     0 | D:5      | browni3141 the Ogre Delver began the quest for the Orb.
     0 | D:5      | Reached XP level 1. HP: 24/24 MP: 1/1
    42 | D:5      | Noticed a hound
    98 | D:5      | Noticed an orc wizard
   110 | D:4      | Found a blossoming altar of Fedhas.
   111 | D:4      | Killed a hound
   112 | D:4      | Reached skill level 5 in Fighting
   112 | D:4      | Reached XP level 2. HP: 14/35 MP: 2/2
   112 | D:4      | Reached XP level 3. HP: 17/42 MP: 3/3
   210 | D:4      | Found Xoorocam's Magic Scroll Boutique.
   210 | D:4      | Found Petulil's General Store.
   255 | D:4      | Noticed a scorpion
   293 | D:3      | Found a shadowy altar of Dithmenos.
   295 | D:3      | Found a faded altar of an unknown god.
   558 | D:3      | Reached skill level 3 in Maces & Flails
   558 | D:3      | Reached XP level 4. HP: 24/50 MP: 4/4
   828 | D:3      | Found an iron altar of Okawaru.
  1544 | D:2      | Reached XP level 5. HP: 59/59 MP: 5/5
  1652 | D:2      | Found a shimmering altar of Xom.
  1834 | D:1      | Reached skill level 6 in Fighting
  2652 | D:2      | Noticed Terence
  2691 | D:2      | Slain by Terence

Illustrated notes

Levels and vault maps discovered:
D:1:      dpeg_arrival_water_fire, layout_basic, minmay_pentomino_o4
D:2:      layout_loops_cross, basic_altar, uniq_terence
D:3:      layout_basic, okawaru_ov_weapons_minmay,
          nicolae_overflow_ecumenical_swirl, nicolae_overflow_hidden_temple,
          serial_co_window_serial, co_window_paths_b, co_window_corner_a,
          co_window_paths_a, co_window_corner_a, co_window_paths_a,
          co_window_2corner, co_window_corner_b, co_window_corner_ca,
          co_window_corner_ca, co_window_2corner, co_window_cross_2,
          glass_columns_b, glass_columns_a, glass_columns_c
D:4:      layout_loops_corners, mainiacjoe_overflow_tiny_flanked,
          nicolae_ossuary_entry_monument, serial_shops,
          nicolae_book_shop_shelving, shop, shop, shop, uniq_crazy_yiuf_cottage
D:5:      layout_loops_cross, vehumet_crystals, amcnicky_altar_gilded,
          portal_sewer_entry_d, serial_park_tiny_pond

Skill      XL: |  1  2  3  4  5 |
---------------+----------------+-----
Maces & Flails | 2 3 |  3.5
Fighting       | 5 6 |  6.0
Dodging        | |  1.7
Stealth        | |  3.7

Action                     |  1- 3 |  4- 6 || total
---------------------------+-------+-------++-------
  Melee: Mace              |    41 |    22 ||    63
         Hand axe          |       |    88 ||    88
         Punch             |       |     1 ||     1
  Throw: Dart              |       |     4 ||     4
    Use: Scroll            |       |     1 ||     1
   Stab: Distracted        |     1 |       ||     1
         Sleeping          |     1 |     5 ||     6
 Armour: Robe              |     9 |    36 ||    45
  Dodge: Dodged            |    25 |    43 ||    68
